Map: Hidden Caves

Players

leon - Winner!

  • Race: Protoss Protoss

slrkrpaktdmf - Winner!

  • Race: Terran Terran
  • League: Master

sonicsurfer - Winner!

  • Race: Zerg Zerg

Feanor - Winner!

  • Race: Terran Terran

SupremeBeing

  • Race: Terran Terran
  • League: Gold

MaximumP

  • Race: Terran Terran

ZOrN

  • Race: Terran Terran

IAmBubble

  • Race: Terran Terran
  • League: Diamond

VOD

Have the link to the VOD?

Description

Time

  • Played on: May 30, 2016, 9:06 a.m.
  • Length: 10:42
Show
View Real Time Build Order
Export as new Build Order

leon Protoss - Winner!

Build Orders:  

Get SALT Encoding   

  12  0:02  Probe (Chrono Boost)  
  13  0:12  Probe (Chrono Boost)  
  14  0:21  Pylon  
  14  0:29  Probe (Chrono Boost)  
  15  0:40  Probe (Chrono Boost)  
  16  0:42  Forge  
  16  0:50  Probe (Chrono Boost)  
  17  1:42  Pylon  
  17  1:47  Pylon  
  17  1:56  Pylon  
  17  2:00  Photon Cannon  
  17  2:08  Pylon  
  17  2:14  Pylon  
  17  2:18  Photon Cannon  
  17  2:20  Photon Cannon  
  17  2:25  Pylon  
  15  2:38  Photon Cannon  
  15  2:40  Pylon, Photon Cannon  
  15  2:44  Pylon  
  15  2:46  Probe (Chrono Boost)  
  16  3:09  Photon Cannon  
  16  3:12  Photon Cannon  
  16  3:23  Photon Cannon  
  16  3:34  Photon Cannon  
  16  3:45  Assimilator  
  16  3:48  Probe (Chrono Boost)  
  17  3:53  Assimilator  
  17  4:12  Probe (Chrono Boost)  
  18  4:23  Probe (Chrono Boost)  
  19  4:34  Probe (Chrono Boost)  
  20  4:44  Gateway  
  20  4:57  Nexus  
  20  5:01  Assimilator  
  20  5:05  Assimilator  
  20  5:06  Probe (Chrono Boost)  
  21  5:10  Pylon  
  21  5:17  Probe (Chrono Boost)  
  19  5:38  Photon Cannon  
  17  5:50  Pylon  
  17  5:55  Probe (Chrono Boost)  
  18  6:02  Cybernetics Core  
  18  6:05  Probe (Chrono Boost)  
  19  6:11  Probe (Chrono Boost)  
  19  6:16  Probe (Chrono Boost)  
  21  6:26  Probe (Chrono Boost)  
  22  6:33  Probe (Chrono Boost)  
  22  6:37  Probe (Chrono Boost)  
  24  6:44  Probe (Chrono Boost)  
  25  6:47  Probe (Chrono Boost), Photon Cannon  
  26  6:54  Probe (Chrono Boost)  
  27  7:05  Probe (Chrono Boost)  
  27  7:06  Stargate  
  29  7:15  Probe (Chrono Boost)  
  29  7:27  Probe x2 (Chrono Boost)  
  31  7:38  Probe x2 (Chrono Boost)  
  31  7:39  Photon Cannon  
  31  7:43  Pylon  
  33  7:46  Pylon  
  33  7:48  Probe x2 (Chrono Boost)  
  39  8:02  Phoenix  
  37  8:27  Phoenix  
  37  8:30  Probe x2 (Chrono Boost)  
  37  8:32  Protoss Air Weapons Level 1 (Chrono Boost)  
  41  8:39  Fleet Beacon  
  41  8:40  Probe x2 (Chrono Boost)  
  43  8:42  Stargate  
  43  8:49  Protoss Shields Level 1 (Chrono Boost)  
  43  8:50  Probe  
  43  8:51  Probe  
  45  9:03  Probe x2  
  47  9:10  Photon Cannon  
  47  9:13  Photon Cannon  
  47  9:15  Probe, Mothership Core  
  50  9:18  Photon Cannon  
  50  9:27  Probe  
  57  9:36  Probe  
  64  9:43  Graviton Catapult (Chrono Boost)  
  64  10:06  Pylon  
Show
View Real Time Build Order
Export as new Build Order

slrkrpaktdmf Terran - Winner!

Build Orders: Hellion Opening, MMM Bio 

Get SALT Encoding   

  12  0:01  SCV  
  13  0:13  SCV  
  14  0:17  Supply Depot  
  14  0:25  SCV  
  14  0:28  Refinery  
  15  0:38  SCV  
  16  0:51  Barracks, SCV  
  17  0:57  Refinery  
  17  1:03  SCV  
  18  1:15  SCV  
  19  1:27  SCV  
  20  1:40  Factory, Orbital Command  
  20  1:41  Barracks Reactor  
  20  1:51  Supply Depot  
  20  2:05  SCV  
  21  2:17  SCV  
  22  2:26  Command Center, Supply Depot  
  22  2:29  SCV  
  23  2:35  Hellion  
  23  2:36  Hellion  
  27  2:40  Barracks Tech Lab  
  27  2:44  SCV  
  28  2:56  Hellion, SCV  
  28  2:57  Hellion  
  33  3:01  Stimpack, Marine  
  34  3:08  SCV  
  35  3:18  Bunker  
  35  3:19  Marine  
  36  3:20  SCV  
  37  3:31  Engineering Bay  
  37  3:32  SCV  
  38  3:43  Hellion x2  
  38  3:45  Orbital Command  
  42  4:01  SCV  
  43  4:04  Hellion x2  
  43  4:06  Missile Turret, Marine  
  43  4:09  Missile Turret  
  48  4:13  SCV x2  
  50  4:17  Terran Infantry Weapons Level 1  
  50  4:25  SCV x2  
  52  4:37  Factory Reactor, SCV  
  52  4:38  SCV  
  46  4:53  Marine  
  46  4:54  SCV  
  46  4:55  SCV  
  49  5:01  Barracks  
  49  5:05  Barracks, Combat Shields  
  49  5:06  SCV  
  49  5:07  SCV  
  51  5:10  Armory  
  51  5:11  Marauder  
  51  5:12  Engineering Bay  
  53  5:19  SCV  
  54  5:22  Factory Reactor  
  54  5:23  Supply Depot, Starport  
  54  5:25  Supply Depot  
  54  5:27  Supply Depot  
  54  5:40  Refinery  
  54  5:41  Refinery  
  54  5:45  Marine, SCV x2  
  54  5:49  Marine  
  58  5:57  SCV  
  58  6:02  SCV  
  60  6:08  Medivac x2  
  60  6:09  SCV, Factory Tech Lab  
  61  6:11  Barracks  
  61  6:12  Barracks x2  
  61  6:14  SCV  
  62  6:21  SCV  
  62  6:25  Command Center  
  63  6:27  SCV  
  63  6:29  Marine  
  65  6:33  SCV  
  65  6:35  Terran Infantry Armor Level 1  
  66  6:41  Terran Infantry Weapons Level 2  
  66  6:43  Terran Vehicle Weapons Level 1  
  66  6:44  Marine  
  67  6:55  Marine x4  
  67  6:56  Siege Tank  
  67  6:57  Medivac  
  76  7:02  Marine  
  76  7:03  Supply Depot  
  76  7:05  Supply Depot  
  77  7:09  Supply Depot, Barracks Reactor x3  
  77  7:14  Marine  
  78  7:24  Marine x4  
  78  7:25  Medivac, SCV x2  
  78  7:29  Siege Tank  
  89  7:34  Missile Turret  
  89  7:37  Missile Turret, Marine, SCV x2  
  89  7:42  Marine x4  
  89  7:43  Medivac  
  98  7:52  Marine x5  
  98  7:53  Marine  
  98  7:55  Marine  
  105  8:01  Siege Tank  
  105  8:04  Orbital Command  
  108  8:16  Marine x2, Supply Depot  
  108  8:17  Supply Depot  
  110  8:25  Marine x5  
  110  8:26  Marine x2  
  117  8:36  Refinery  
  117  8:37  Refinery  
  117  8:38  Supply Depot, Marine x2, Medivac x2, Siege Tank, SCV x2  
  128  8:41  Supply Depot  
  128  8:44  Marine x2  
  128  8:45  Marine x3  
  133  9:06  Marine  
  133  9:07  Marine x8  
  133  9:08  Marine  
  137  9:14  Marine  
  137  9:15  Siege Tank  
  137  9:17  Medivac x2  
  145  9:24  Marine x2  
  145  9:25  Marine x2  
  149  9:39  Marine x2  
  151  9:48  Siege Tank  
  151  9:52  Marine x2  
  146  9:53  Marine x7  
  146  10:00  Marine  
  146  10:01  Marine  
  146  10:02  Medivac  
  148  10:10  Marine x4  
  148  10:11  Marine x4  
  151  10:19  Marine x3  
Show
View Real Time Build Order
Export as new Build Order

sonicsurfer Zerg - Winner!

Build Orders: Hatch First 

Get SALT Encoding   

  12  0:02  Drone  
  13  0:08  Drone  
  14  0:19  Overlord  
  14  0:38  Drone x3  
  17  0:57  Hatchery  
  17  1:04  Drone x2  
  17  1:09  Extractor  
  17  1:23  Spawning Pool  
  16  1:34  Drone x3  
  19  1:45  Drone  
  20  2:10  Queen  
  20  2:12  Queen  
  24  2:19  Drone x4  
  28  2:38  Roach Warren  
  28  2:40  Drone  
  28  2:47  Spine Crawler  
  27  3:13  Overlord x2  
  27  3:20  Lair, Extractor  
  26  3:33  Roach  
  26  3:34  Roach x5  
  34  3:35  Roach  
  40  3:45  Roach x2  
  40  3:48  Overlord x2  
  44  4:18  Drone x4  
  44  4:19  Drone x4  
  52  4:48  Hydralisk Den  
  51  5:00  Extractor  
  51  5:02  Drone x2  
  51  5:03  Drone  
  51  5:04  Extractor  
  51  5:05  Drone x2  
  53  5:33  Spore Crawler  
  53  5:35  Overseer  
  48  6:17  Queen  
  50  6:20  Drone x2  
  50  6:22  Drone x3  
  50  6:23  Drone x3  
  58  6:27  Muscular Augments  
  58  6:33  Evolution Chamber x2  
  56  6:41  Drone x3  
  56  6:42  Drone  
  56  6:45  Overlord x3  
  56  6:46  Overlord x4  
  60  7:00  Pneumatized Carapace, Hatchery  
  59  7:05  Drone x3  
  62  7:09  Zerg Missile Weapons Level 1  
  62  7:10  Zerg Ground Armor Level 1  
  62  7:18  Infestation Pit  
  61  7:31  Hydralisk x3  
  61  7:32  Hydralisk x3  
  73  7:44  Hydralisk x4  
  81  8:28  Queen  
  81  8:29  Drone  
  81  8:30  Drone  
  85  8:35  Hydralisk x2  
  85  8:36  Hydralisk x7  
  85  8:37  Hydralisk  
  85  8:38  Hydralisk  
  107  8:54  Lurker Den  
  107  9:55  Drone x2  
  107  9:56  Drone  
  110  10:01  Spine Crawler  
  110  10:06  Spine Crawler  
  108  10:14  Spore Crawler  
Show
View Real Time Build Order
Export as new Build Order

Feanor Terran - Winner!

Build Orders: Command Center First (CC) 

Get SALT Encoding   

  12  0:13  SCV  
  13  0:25  SCV  
  14  0:36  Supply Depot  
  14  0:38  SCV  
  15  0:57  SCV  
  16  1:12  Command Center  
  16  1:14  SCV  
  16  1:17  Refinery  
  17  1:21  Refinery  
  17  1:26  SCV  
  18  1:39  SCV  
  19  1:51  Barracks, SCV  
  20  2:04  SCV  
  20  2:05  Barracks  
  21  2:16  SCV  
  21  2:20  Supply Depot  
  22  2:28  SCV  
  23  2:40  SCV  
  23  2:41  Engineering Bay  
  24  2:54  Marine  
  24  2:55  Bunker  
  25  2:58  SCV  
  25  3:01  SCV  
  27  3:14  Planetary Fortress  
  27  3:23  Planetary Fortress  
  23  3:35  Marine x2  
  25  4:07  SCV  
  26  4:10  SCV  
  27  4:17  Building Armor  
  27  4:19  SCV  
  27  4:22  SCV  
  29  4:27  Factory  
  29  4:32  Refinery  
  23  4:51  Missile Turret  
  23  4:55  SCV  
  24  5:06  SCV  
  25  5:07  SCV  
  26  5:17  Starport  
  25  5:33  Missile Turret  
  25  5:39  SCV  
  25  5:41  SCV  
  27  5:51  SCV  
  27  5:53  SCV  
  28  5:57  Hi-Sec Auto Tracking  
  28  6:03  SCV  
  28  6:26  Missile Turret  
  28  6:31  Missile Turret  
  28  6:34  Missile Turret  
  27  7:09  Refinery  
  25  7:26  Viking  
  27  7:34  Factory Reactor, Starport  
  27  7:42  SCV  
  28  7:48  SCV  
  19  8:23  SCV  
  19  8:25  SCV  
  21  8:35  SCV  
  21  8:37  SCV  
  23  8:43  Missile Turret  
  23  8:47  SCV  
  24  8:50  SCV  
  25  9:00  SCV  
  25  9:02  SCV, Starport Tech Lab  
  27  9:03  Starport Tech Lab  
  27  9:05  Fusion Core  
  27  9:07  Refinery  
  27  9:12  SCV  
  27  9:14  SCV  
  29  9:24  SCV  
  30  9:26  SCV  
  31  9:33  Command Center  
  31  9:36  SCV  
  31  9:38  SCV  
  33  9:48  SCV  
  33  9:50  SCV  
  35  10:00  SCV  
  35  10:02  SCV  
  37  10:12  SCV  
Show
View Real Time Build Order
Export as new Build Order

SupremeBeing Terran 

Build Orders:  

Get SALT Encoding   

  12  0:01  SCV  
  13  0:13  SCV  
  14  0:19  Supply Depot  
  14  0:25  SCV  
  15  0:40  SCV  
  15  0:42  Barracks  
  16  0:52  Refinery  
  16  0:53  SCV  
  16  0:55  Refinery  
  17  1:05  SCV  
  19  1:22  SCV  
  19  1:34  SCV  
  21  1:52  Supply Depot  
  21  1:54  Orbital Command  
  21  1:55  Ghost Academy  
  20  2:21  SCV  
  21  2:25  Reaper  
  22  2:33  SCV  
  23  2:46  SCV  
  24  2:52  Factory  
  24  2:58  SCV  
  24  3:03  Barracks Tech Lab  
  24  3:04  Supply Depot  
  24  3:10  SCV  
  25  3:23  SCV  
  25  3:24  Personal Cloaking, Ghost  
  28  3:30  Engineering Bay  
  28  3:35  SCV  
  29  3:47  SCV  
  30  3:50  Factory Reactor  
  30  3:51  Factory  
  30  3:58  Ghost  
  30  3:59  SCV  
  30  4:01  Missile Turret  
  32  4:11  SCV  
  33  4:23  SCV  
  34  4:31  Widow Mine x2  
  34  4:35  SCV  
  39  4:38  Factory Reactor  
  39  4:40  Factory  
  39  5:07  Supply Depot  
  39  5:08  Supply Depot  
  39  5:10  SCV, Widow Mine x2  
  39  5:12  Ghost  
  46  5:23  SCV  
  47  5:35  SCV  
  48  5:47  SCV  
  45  5:59  SCV, Factory Tech Lab  
  45  6:01  Armory  
  45  6:02  Supply Depot  
  45  6:04  Supply Depot  
  46  6:11  Command Center, SCV  
  43  6:12  Ghost  
  45  6:23  Widow Mine x2  
  45  6:24  Widow Mine x2  
  53  6:34  Engineering Bay  
  53  6:36  Engineering Bay  
  53  6:47  Nuke  
  53  6:48  Ghost  
  55  6:58  Widow Mine x3  
  61  7:12  Drilling Claws  
  61  7:14  SCV  
  62  7:18  Supply Depot  
  62  7:26  SCV  
  63  7:38  Command Center  
  63  8:02  Widow Mine x5  
  73  8:06  Supply Depot  
  73  8:26  Refinery x2  
  73  8:30  Widow Mine  
  75  8:42  Missile Turret  
  75  8:44  Planetary Fortress  
  75  8:52  SCV  
  76  9:04  Ghost, SCV  
  79  9:11  Nuke  
  79  9:16  SCV  
  80  9:29  SCV  
  81  9:41  Armory, SCV  
  83  9:45  SCV  
  83  9:49  Planetary Fortress  
  83  9:53  SCV  
  84  10:09  Ghost  
  84  10:10  SCV x2  
  88  10:22  SCV  
Show
View Real Time Build Order
Export as new Build Order

MaximumP Terran 

Build Orders: MMM Bio 

Get SALT Encoding   

  12  0:02  SCV  
  13  0:14  SCV  
  14  0:19  Supply Depot  
  14  0:26  SCV  
  15  0:41  SCV  
  15  0:42  Barracks  
  16  0:49  Refinery  
  16  0:53  SCV  
  17  1:05  SCV  
  18  1:17  SCV  
  19  1:32  Orbital Command  
  19  1:33  Marine  
  20  1:42  Supply Depot  
  20  1:59  SCV  
  21  2:06  Command Center  
  21  2:09  Factory  
  21  2:11  Marine  
  22  2:18  SCV  
  23  2:28  Barracks  
  23  2:32  Marine  
  23  2:33  SCV  
  25  2:55  Barracks Reactor, Factory Tech Lab  
  25  3:01  SCV  
  25  3:03  Refinery  
  26  3:07  Supply Depot  
  26  3:11  Engineering Bay  
  26  3:13  SCV  
  26  3:15  Siege Tank  
  26  3:17  Barracks Tech Lab  
  30  3:21  Orbital Command  
  30  3:35  SCV, Bunker  
  30  3:37  Marine x2  
  33  3:42  Missile Turret  
  33  3:46  Combat Shields  
  33  3:50  SCV  
  33  3:51  Orbital Command  
  34  4:08  Siege Tank  
  34  4:09  Marine x3  
  40  4:18  SCV x2  
  42  4:27  Marine  
  42  4:29  Marine x2  
  42  4:30  SCV  
  42  4:31  SCV  
  41  4:42  SCV  
  41  4:43  SCV  
  41  4:45  Marine  
  42  4:57  SCV  
  42  4:58  SCV  
  42  4:59  Missile Turret  
  44  5:07  Command Center  
  44  5:11  Starport  
  44  5:14  Marine x2  
  44  5:18  SCV x2  
  48  5:25  Supply Depot  
  48  5:28  Stimpack  
  48  5:31  Terran Infantry Weapons Level 1  
  48  5:35  SCV  
  49  5:38  Refinery  
  49  5:40  Refinery  
  49  5:46  Siege Tank  
  52  5:51  Bunker  
  52  5:53  SCV  
  52  5:56  SCV  
  54  6:05  SCV  
  54  6:08  SCV  
  54  6:09  Starport Reactor  
  54  6:10  Marine x3  
  59  6:16  Missile Turret  
  59  6:17  SCV  
  60  6:23  Supply Depot  
  60  6:27  Marine  
  60  6:28  Marine, SCV  
  60  6:29  SCV  
  60  6:30  Marine  
  65  6:41  SCV  
  65  6:45  Marine x2  
  68  6:47  Marine  
  68  6:48  Medivac x2  
  73  7:03  Marine x2  
  73  7:05  Barracks, Marine  
  73  7:06  Barracks, SCV x2  
  78  7:17  Siege Tank  
  78  7:21  Marine x2  
  78  7:22  Supply Depot  
  83  7:23  Marine  
  83  7:26  SCV  
  85  7:31  Planetary Fortress  
  85  7:36  Supply Depot  
  85  7:43  Medivac x2, SCV  
  90  7:48  SCV  
  90  7:49  Marine  
  92  7:58  Missile Turret, Marine x3  
  92  8:03  SCV  
  92  8:04  SCV  
  97  8:06  Marine x2  
  97  8:12  SCV  
  100  8:19  Supply Depot, Terran Infantry Armor Level 1  
  100  8:20  Supply Depot  
  100  8:21  Supply Depot  
  100  8:25  Missile Turret, Engineering Bay  
  100  8:28  Armory, Barracks Reactor x2  
  100  8:29  Marine  
  101  8:37  Supply Depot  
  101  8:40  Marine  
  101  8:41  SCV x2  
  104  8:45  Supply Depot  
  104  8:48  Supply Depot  
  104  8:50  Viking  
  104  8:52  Viking  
  104  8:54  Marine  
  109  8:57  Marine  
  109  8:58  Marine  
  105  9:17  Marine x3  
  108  9:25  Command Center  
  108  9:28  Viking  
  110  9:40  Marine x3  
  110  9:41  Marine  
  110  9:42  Viking  
  110  9:43  Marine x2  
  110  9:44  Marine  
Show
View Real Time Build Order
Export as new Build Order

ZOrN Terran 

Build Orders: 1/1/1, Liberator Opening, MMM Bio 

Get SALT Encoding   

  12  0:01  SCV  
  13  0:14  Supply Depot  
  13  0:17  SCV  
  14  0:29  SCV  
  14  0:30  Refinery  
  15  0:41  SCV  
  16  0:46  Barracks  
  16  0:53  SCV  
  17  1:04  Refinery  
  17  1:05  SCV  
  18  1:17  SCV  
  19  1:33  Factory, Orbital Command  
  19  1:49  Reaper  
  20  2:09  SCV  
  21  2:23  Starport  
  21  2:32  Factory Tech Lab  
  21  2:53  Liberator  
  21  3:04  Supply Depot  
  24  3:16  Barracks Tech Lab  
  24  3:22  SCV  
  24  3:23  Command Center  
  25  3:27  Barracks  
  25  3:31  Barracks  
  26  3:34  SCV  
  26  3:35  Stimpack  
  26  3:37  Widow Mine  
  28  3:47  SCV  
  29  3:59  SCV  
  29  4:00  Starport Reactor  
  29  4:01  Marine  
  31  4:14  SCV  
  31  4:16  Barracks Reactor  
  32  4:20  Supply Depot  
  32  4:21  Marine x2  
  34  4:26  SCV  
  36  4:38  SCV  
  36  4:39  Orbital Command  
  36  4:40  Marauder  
  37  5:03  Marine x2  
  37  5:04  Barracks Tech Lab, Marauder  
  41  5:26  Marauder  
  43  5:34  SCV  
  43  5:35  SCV  
  45  5:36  Marauder  
  45  5:37  Siege Tank  
  50  5:47  SCV, Marauder  
  53  5:56  SCV  
  54  5:57  Marauder, Combat Shields  
  54  5:58  Marine x2  
  54  5:59  SCV  
  59  6:08  Marauder  
  61  6:16  Marine  
  62  6:24  Marine x2, Medivac, SCV x2  
  68  6:29  Marine  
  68  6:32  Engineering Bay  
  69  6:36  SCV  
  70  6:41  Supply Depot  
  70  6:43  Supply Depot  
  70  6:46  Refinery  
  70  6:48  Refinery  
  70  6:58  Engineering Bay  
  70  7:03  SCV x2, Marauder  
  70  7:04  Missile Turret  
  74  7:15  SCV x2  
  76  7:27  SCV x2  
  78  7:36  Barracks, Terran Infantry Armor Level 1, Terran Infantry Weapons Level 1  
  78  7:37  Barracks  
  78  7:39  SCV x2  
  78  7:40  Starport  
  78  7:43  Armory  
  80  7:51  SCV  
  81  8:06  SCV x2  
  81  8:11  Medivac  
  81  8:12  Marine  
  86  8:15  Marine x3  
  86  8:19  Starport Reactor  
  86  8:34  Command Center  
  86  8:50  Missile Turret  
  86  8:52  Liberator, Barracks Reactor  
  86  8:53  Barracks Tech Lab  
  86  9:09  Cyclone, Medivac, Supply Depot, Marine, SCV x2, Marauder x2  
  102  9:22  Liberator  
  102  9:28  Liberator x2  
  102  9:30  Marine  
  102  9:31  SCV x2  
  105  9:41  Starport  
  105  9:43  SCV  
  105  9:45  Siege Tank  
  118  9:47  Missile Turret  
  118  9:50  Supply Depot  
  118  9:52  Medivac  
Show
View Real Time Build Order
Export as new Build Order

IAmBubble Terran 

Build Orders: MMM Bio 

Get SALT Encoding   

  12  0:01  SCV  
  13  0:14  SCV  
  14  0:20  Supply Depot  
  14  0:26  SCV  
  15  0:42  SCV  
  16  0:45  Barracks  
  16  0:47  Refinery  
  16  0:54  SCV  
  17  1:00  Barracks  
  17  1:09  Refinery  
  17  1:12  SCV  
  18  1:26  Barracks  
  18  1:36  Reaper  
  18  1:39  SCV  
  20  2:06  Reaper  
  21  2:10  Reaper  
  22  2:50  SCV  
  22  2:51  Reaper  
  23  2:59  Supply Depot  
  23  3:21  Reaper, SCV  
  23  3:25  Command Center  
  25  3:51  Barracks Reactor, Barracks Tech Lab  
  25  3:53  Barracks Reactor  
  23  3:57  SCV  
  24  4:11  Bunker  
  24  4:14  Stimpack, Marine  
  26  4:18  Orbital Command  
  25  4:29  Marine x2  
  25  4:30  Marine x2  
  26  4:39  Orbital Command  
  26  4:46  Marine  
  26  4:47  Marine  
  28  4:58  SCV  
  29  5:02  Marine x2  
  31  5:10  SCV  
  31  5:12  Marine  
  33  5:14  Marine  
  33  5:16  Marine  
  35  5:22  SCV  
  36  5:35  Marine x3  
  38  5:38  SCV x2  
  38  5:40  Marine  
  42  5:48  Factory  
  42  5:50  SCV  
  42  5:52  SCV  
  42  5:55  Marine x2  
  46  6:06  Supply Depot  
  46  6:15  Combat Shields  
  46  6:19  Supply Depot  
  46  6:23  Engineering Bay  
  46  6:28  Marine x3, SCV x2  
  51  6:35  Supply Depot  
  51  6:40  Marine, SCV x2  
  51  6:41  Marine  
  51  6:46  Starport  
  55  6:53  Factory Reactor  
  55  6:57  Marine, Terran Infantry Weapons Level 1  
  55  6:58  Marine x2  
  55  7:01  SCV x2  
  60  7:03  Marine  
  60  7:05  Marine  
  62  7:09  Supply Depot  
  62  7:13  SCV  
  62  7:14  SCV  
  64  7:20  Marine  
  64  7:21  Marine x3  
  64  7:22  Supply Depot  
  68  7:25  SCV  
  69  7:34  Marine  
  70  7:37  SCV  
  70  7:38  Marine x2, SCV  
  74  7:44  Command Center, Marine  
  75  7:51  Marine  
  75  7:52  Medivac, Marine  
  75  7:53  Medivac  
  81  8:02  SCV  
  81  8:03  Marine  
  81  8:04  Marine x2  
  85  8:09  Marine  
  85  8:10  Factory Reactor  
  86  8:14  Starport  
  86  8:33  Supply Depot  
  86  8:34  Supply Depot  
  86  8:39  Supply Depot  
  86  8:41  Supply Depot  
  86  8:43  Marine x5, SCV x2  
  93  8:55  Medivac x2  
  97  8:56  SCV x2  
  97  9:01  Marine  
  100  9:13  Marine x4  
  104  9:19  Marine  
  104  9:23  Liberator x2  
  105  9:31  Marine x4  
  106  9:32  Orbital Command  
  106  9:37  Marine  
  116  9:46  Medivac x2  
  116  9:48  Marine  
  116  9:49  Marine x2  
  116  9:50  Engineering Bay, Marauder  
  116  9:51  Armory  
  125  9:59  Marine  
  126  10:06  Marine x2  
  126  10:07  Marine  
  127  10:11  Marauder  
Tags
 
Add a new tag
Caveats
  • Supply blocks, unpowered buildings, or Contaminate may cause inaccurate times.
  • Supply counts are checked every 10 seconds.